 Dungeon Crawl Stone Soup version 0.22-a0-348-gd16d139 (webtiles) character file.

246 sighowe the Shield-Bearer (level 6, -1/38 HPs)
             Began as a Gargoyle Fighter on Apr 12, 2018.
             Splashed by a jelly's acid (6 damage)
             ... on level 3 of the Dungeon.
             The game lasted 00:13:58 (3284 turns).

sighowe the Shield-Bearer (Gargoyle Fighter)        Turns: 3284, Time: 00:14:00

Health: -1/38      AC:  3    Str: 22    XL:     6   Next: 11%
Magic:  6/6        EV:  8    Int:  8    God:
Gold:   151        SH: 10    Dex:  9    Spells: 5/5 levels left

rFire    . . .     SeeInvis .   a - +0 flail
rCold    . . .     Gourm    +   c - +0 shield
rNeg     + + .     Faith    .   b - +0 scale mail
rPois    ∞         Spirit   .   (no helmet)
rElec    +         Reflect  .   (no cloak)
rCorr    .         Harm     .   (no gloves)
MR       .....                  (no boots)
Stlth    ..........             j - amulet of the gourmand
HPRegen  0.12/turn              g - ring of positive energy
MPRegen  0.10/turn              (no ring)

@: corroded
A: negative energy resistance 1, electricity resistance, unbreathing,
petrification resistance, rot immunity, AC +4
a: no special abilities


You were on level 3 of the Dungeon.
You were not hungry.

You visited 1 branch of the dungeon, and saw 3 of its levels.

You collected 151 gold pieces.

Inventory:

Hand Weapons
 a - a +0 flail (weapon)
Armour
 b - a +0 scale mail (worn)
 c - a +0 shield (worn)
Jewellery
 g - a ring of positive energy (left hand)
 j - an amulet of the gourmand (around neck)
Scrolls
 d - a scroll of enchant weapon {unknown}
 e - 2 scrolls of immolation
 h - a scroll of teleportation
 l - a scroll of fear {unknown}
 m - a scroll of identify
Potions
 k - 2 potions of curing
Comestibles
 f - 7 rations


   Skills:
 + Level 3.9 Fighting
 + Level 3.1 Maces & Flails
 * Level 4.2 Armour
 * Level 1.4 Dodging
 + Level 5.2 Shields


You had 5 spell levels left.
You didn't know any spells.

Dungeon Overview and Level Annotations

Branches:
Dungeon (3/15)

Altars:


Innate Abilities, Weirdness & Mutations

You are resistant to torment.
Your stone body is resilient. (AC +4)
You are immune to poison.
You resist negative energy. (rN+)
You are resistant to electric shocks. (rElec)
You can survive without breathing.
You are immune to petrification.
You are immune to rotting.


Message History

* * * LOW HITPOINT WARNING * * *
The jelly closely misses you.
You feel much better. The jelly hits you.
You are splashed with acid!
The acid burns!
Unknown command.
You hit the jelly but do no damage.
Your hands burn!
The jelly is almost dead.
You block the jelly's attack.
You hit the jelly but do no damage.
Your hands burn!
* * * LOW HITPOINT WARNING * * *
The jelly is almost dead.
You block the jelly's attack.
Unknown command.
You hit the jelly but do no damage.
Your hands burn!
* * * LOW HITPOINT WARNING * * *
The jelly is almost dead.
You block the jelly's attack. The jelly hits you.
* * * LOW HITPOINT WARNING * * *
You are splashed with acid!
The acid burns!
You die...

#.# *.# ##### #.# *.# #...#
#.###.# #...# #.....# #...#
#.....# #...# #.....####***
#...# #.........,,*
#######...########....#*****,*
........†.'.....@Jb...+,,<,,,*
#######...#####.##....#**,,,,*
#.<.....# #.#.........#,**
#.......# #.#.(######.#,*
#.....[.# #.#..<....#,*,*
#.......# #.#...#.#.#,*,*
#....#### #.#...#.#.#,*,*
####....##### #.#...#.#.#,*,*
...†........# #.#...#.#.#,*,*


You could see a jelly and a bat.

Vanquished Creatures
  2 bullfrogs (D:3)
  5 adders
  3 worms (D:3)
  2 dart slugs (D:1)
  6 leopard geckos
  10 bats
  3 giant cockroaches
  3 goblins
  9 hobgoblins
  3 jackals (D:2)
  2 kobolds (D:1)
  A quokka (D:2)
  A ball python (D:3)
  8 frilled lizards
  8 rats
66 creatures vanquished.

Notes
Turn   | Place    | Note
-------+----------+-------------------------------------------
     0 | D:1      | sighowe the Gargoyle Fighter began the quest for the Orb.
     0 | D:1      | Reached XP level 1. HP: 14/14 MP: 1/1
   214 | D:1      | Reached XP level 2. HP: 19/19 MP: 2/2
   670 | D:1      | Reached skill level 4 in Shields
   670 | D:1      | Reached XP level 3. HP: 23/23 MP: 3/3
  1578 | D:2      | Reached XP level 4. HP: 9/28 MP: 4/4
  2340 | D:3      | Noticed a bullfrog
  2357 | D:3      | Killed a bullfrog
  2357 | D:3      | Reached skill level 1 in Dodging
  2357 | D:3      | Reached XP level 5. HP: 13/33 MP: 5/5
  2751 | D:3      | Reached skill level 5 in Shields
  3096 | D:3      | Reached XP level 6. HP: 9/38 MP: 6/6
  3284 | D:3      | Splashed by a jelly's acid

Vault maps used:
D:1:      nicolae_arrival_washed_ashore, kennysheep_another_room

Skill      XL: |  1  2  3  4  5 |
---------------+----------------+-----
Shields        | 4 5 |  5.2
Armour         | 4 |  4.2
Dodging        | 1 |  1.4
Maces & Flails | 3 |  3.1
Fighting       | |  3.9

Action                   |  1- 3 |  4- 6 || total
-------------------------+-------+-------++-------
Melee: Flail             |   172 |   204 ||   376
  Use: Potion            |     5 |     4 ||     9
       Scroll            |     3 |     2 ||     5
  Eat: Chunk             |     6 |     3 ||     9
       Ration            |     1 |       ||     1
Armor: Scale mail        |   144 |   147 ||   291
Dodge: Dodged            |    89 |   118 ||   207
Block: Shield            |   106 |   154 ||   260

Table legend:
 A = Spawn XP
 B = Non-spawn XP
 C = Spawn XP percentage of total XP
 D = Spawn monster count
 E = Non-spawn monster count
 F = Spawn count percentage of total count
 G = Total turns spent on level
                    A         B        C        D         E        F      G
               +---------+---------+-------+---------+---------+-------+---------
         Total |       0 |     352 |   0.0 |       0 |      66 |   0.0 |  3284
               +---------+---------+-------+---------+---------+-------+---------
           D:1 |       0 |      45 |   0.0 |       0 |      24 |   0.0 |  1136
           D:2 |       0 |      72 |   0.0 |       0 |      22 |   0.0 |  1177
           D:3 |       0 |     235 |   0.0 |       0 |      20 |   0.0 |   971
               +---------+---------+-------+---------+---------+-------+---------
